 Dungeon Sprint DCSS version 0.21.1-1-g345015f (webtiles) character file.

18117 Psiloshibe the Fencer (level 12, -24/119 HPs)
             Began as a Barachi Berserker on Apr 22, 2018.
             Was a High Priest of Trog.
             Killed from afar by a frost giant (67 damage)
             ... with a bolt of cold
             ... in the Dungeon (Sprint II: "The Violet Keep of Menkaure") on Apr 28, 2018.
             The game lasted 00:17:56 (2259 turns).

Psiloshibe the Fencer (Barachi Berserker)           Turns: 2259, Time: 00:17:59

Health: -24/119    AC: 15    Str: 17    XL:     12   Next: 55%
Magic:  12/12      EV: 13    Int:  8    God:    Trog [*****.]
Gold:   1179       SH: 10    Dex: 16    Spells: 11/11 levels left

rFire    + + +     SeeInvis +   a - +4 long sword (flame)
rCold    x . .     Gourm    .   p - +0 shield
rNeg     . . .     Faith    .   w - +1 fire dragon scales
rPois    .         Spirit   .   (helmet restricted)
rElec    .         Reflect  .   l - +1 cloak of Slovenliness {rF+ SInv}
rCorr    .         Harm     .   (no gloves)
MR       ++...     NoTele   +   b - +0 pair of boots
Stlth    +.........             (no amulet)
HPRegen  1.29/turn              (no ring)
MPRegen  0.13/turn              (no ring)

@: berserk cooldown, flying, regenerating, hasted and slowed, slow
A: +LOS, swims, horns 1, deformed body, slowness 1, weak 1, no potion heal 1,
strong legs 1
a: Hop, Berserk, Trog's Hand, Brothers in Arms, Burn Spellbooks, Renounce
Religion


You were in the Dungeon.
You worshipped Trog.
Trog was extremely pleased with you.
You were hungry.

You visited 1 branch You collected 1704 gold pieces.
You spent 525 gold pieces at shops.

Inventory:

Hand Weapons
 a - a +4 long sword of flaming (weapon)
 k - a +7 antimagic great sword
Missiles
 j - 7 javelins of returning
 r - 2 throwing nets (quivered)
Armour
 b - a +0 pair of boots (worn)
 l - the +1 cloak of Slovenliness (worn) {rF+ SInv}
   (You bought it in a shop in the Dungeon)

   It protects you from fire.
   It lets you see invisible.
 m - +0 gold dragon scales
 p - a +0 shield (worn)
 v - a +1 plate armour
 w - +1 fire dragon scales (worn)
Scrolls
 i - 2 scrolls of blinking
 n - a scroll of fear {unknown}
 t - 2 scrolls of identify {unknown}
Potions
 d - 3 potions of curing
 e - a potion of heal wounds
 f - 2 potions of haste
 g - 5 potions of magic
 h - a potion of berserk rage
 o - 3 potions of flight
 q - a potion of might
 u - 3 potions of resistance
 x - a potion of experience {unknown}
Comestibles
 c - 3 rations


   Skills:
 * Level 19.0 Fighting
 * Level 20.1 Long Blades
 * Level 16.1 Armour
 + Level 8.1 Dodging
 + Level 2.3 Stealth
 + Level 6.8 Shields
 * Level 12.0 Unarmed Combat


You had 11 spell levels left.
You didn't know any spells.

Dungeon Overview and Level Annotations

Branches:
Dungeon (1/1)

Altars:
Cheibriados
Dithmenos
Elyvilon
Fedhas
Gozag
Hepliaklqana
Kikubaaqudgha
Makhleb
Nemelex Xobeh
Okawaru
Qazlal
Ru
Sif Muna
Trog
Uskayaw
Vehumet
Wu Jian
Xom
Yredelemnul
Zin
The Shining One
Beogh
Jiyva
Lugonu

Shops:
D =[(:[%[?([=}![[:=[[=[!%:!%(}=%[*

Annotations:
D exclusion: oklob plant


Innate Abilities, Weirdness & Mutations

Shadows flee at your approach. (+LOS)
You can swim through water.
You cover ground slowly.
You can hop short distances.
You have a pair of small horns on your head.
Armour fits poorly on your strangely shaped body.
You are weak. (Str -2)
Potions are less effective at restoring your health.


Message History

Your two-headed ogre hits the storm dragon but does no damage.
You hit the storm dragon. You burn the storm dragon.
The storm dragon is almost dead.
The storm dragon closely misses you.
The storm dragon claws you but does no damage.
The storm dragon tramples you but does no damage.
Your two-headed ogre hits the storm dragon with a dire flail!!
The storm dragon dies!
Trog accepts your kill.
Trog will gift you weapons as you gain piety.
Your Fighting skill increases to level 19!
Your Armour skill increases to level 16!
Your Unarmed Combat skill increases to level 12!
The frost giant gestures at you while chanting.
The bolt of cold hits your two-headed ogre.
Your two-headed ogre dies!
Your two-headed ogre's corpse disappears in a puff of smoke!
The bolt of cold hits you!
You feel a terrible chill!
Ouch! That really hurt!
You die...

######################
#...)..').#∩∩.∩∩§.§..#
#....[(#..#######§####
#'######'##..####§####
#∩∩∩∩∩∩#..@.##§§§§≈≈§##
#∩∩∩∩∩∩#e§###§§§§≈§≈§≈##
#########..§§§≈§§§≈§§≈§#
#..C####§§§§≈≈≈§§##
..C2.....≈##§≈≈≈≈≈≈##
############≈≈#+++#+++##
###########≈≈≈.........#
##∩.∩.....#≈≈≈≈.##'##..#
##.∩.∩....#≈≈≈≈###.###.####


You could see a frost giant and a deep elf high priest.

Vanquished Creatures
  A golden dragon (D)
  A bone dragon (D)
  Kirke (D)
  A storm dragon (D)
  A fire dragon (D)
  A yaktaur captain (D)
  A great orb of eyes (D)
  A centaur warrior (D)
  2 shining eyes (D)
  A merfolk siren (D)
  A kobold demonologist (D)
  2 polar bears (D)
  2 tyrant leeches (D)
  2 wyverns (D)
  A neqoxec (D)
  Menkaure (D)
  A necrophage (D)
  3 crocodiles (D)
  4 lava snakes (D)
  An iron imp (D)
  4 worker ants (D)
33 creatures vanquished.

Vanquished Creatures (collateral kills)
  A golden dragon (D)
  2 sphinxes (D)
  A storm dragon (D)
  A skeletal warrior (D)
  2 deep trolls (D)
7 creatures vanquished.

Vanquished Creatures (others)
  A shining eye (D)
  An elephant (D)
  A crocodile (D)
  20 tentacles (D)
23 creatures vanquished.

Grand Total: 63 creatures vanquished

Notes
Turn   | Place    | Note
-------+----------+-------------------------------------------
     0 | D        | Psiloshibe the Barachi Berserker began the quest for the Orb.
     0 | D        | Reached XP level 1. HP: 18/18 MP: 1/1
     1 | D        | Noticed a worker ant
     1 | D        | Noticed a worker ant
     1 | D        | Noticed a worker ant
     1 | D        | Noticed a worker ant
     3 | D        | Killed a worker ant
     3 | D        | Reached skill level 5 in Fighting
     3 | D        | Reached skill level 5 in Long Blades
     3 | D        | Reached XP level 2. HP: 27/27 MP: 2/2
     7 | D        | Reached skill level 6 in Long Blades
     7 | D        | Reached XP level 3. HP: 35/35 MP: 3/3
    11 | D        | Reached ** piety under Trog
    11 | D        | Reached skill level 7 in Long Blades
    11 | D        | Reached skill level 1 in Unarmed Combat
    11 | D        | Reached XP level 4. HP: 30/43 MP: 4/4
    33 | D        | Killed a crocodile
   267 | D        | Noticed a merfolk siren
   276 | D        | Killed a merfolk siren
   276 | D        | Reached skill level 10 in Long Blades
   276 | D        | Reached XP level 5. HP: 46/55 MP: 5/5
   276 | D        | Reached XP level 6. HP: 52/62 MP: 6/6
   329 | D        | Noticed a tyrant leech
   329 | D        | Noticed a tyrant leech
   390 | D        | Noticed a neqoxec
   395 | D        | Killed a neqoxec
   395 | D        | Reached *** piety under Trog
   395 | D        | Reached skill level 11 in Long Blades
   395 | D        | Reached XP level 7. HP: 68/68 MP: 7/7
   425 | D        | Found Caxtomuw's Gadget Shop.
   425 | D        | Found Wutuekhopol's Armour Shop.
   425 | D        | Found Gelenapt's Antique Armour Boutique.
   425 | D        | Found Vuemedeh's Food Boutique.
   425 | D        | Found Begre's Antique Weapon Boutique.
   425 | D        | Found Pag Ovorph's Jewellery Shop.
   425 | D        | Found Tayssohy's Distillery.
   425 | D        | Found Pion's Book Boutique.
   426 | D        | Found Cyzxue's Gadget Boutique.
   426 | D        | Found Vuoj's Jewellery Shop.
   426 | D        | Noticed a hippogriff
   427 | D        | Found Malemodo's Magic Scroll Boutique.
   427 | D        | Found Qoux's Antique Armour Shop.
   427 | D        | Noticed a hippogriff
   428 | D        | Noticed a hippogriff
   428 | D        | Found Fegips's Book Shop.
   428 | D        | Found Xustac's Distillery.
   429 | D        | Noticed a death yak
   429 | D        | Found Nauxo's Book Shoppe.
   429 | D        | Found Koitwob's Antique Weapon Boutique.
   429 | D        | Noticed Menkaure
   429 | D        | Noticed an oklob plant
   442 | D        | Killed Menkaure
   442 | D        | Reached skill level 12 in Long Blades
   442 | D        | Reached skill level 5 in Unarmed Combat
   450 | D        | Noticed a hell hog
   452 | D        | Noticed a hell hog
   461 | D        | Bought a glowing long sword for 169 gold pieces
   464 | D        | Bought a transparent cloak for 228 gold pieces
   469 | D        | Identified the +1 cloak of Slovenliness {rF+ SInv} (You bought it in a shop in the Dungeon)
   499 | D        | Bought a ration for 70 gold pieces
   528 | D        | Killed a tyrant leech
   528 | D        | Reached XP level 8. HP: 50/78 MP: 8/8
   532 | D        | Killed a tyrant leech
   532 | D        | Reached skill level 13 in Long Blades
   604 | D        | Found a glowing golden altar of the Shining One.
   604 | D        | Found an ornate altar of the Wu Jian Council.
   606 | D        | Found a shimmering altar of Xom.
   606 | D        | Found a sacrificial altar of Ru.
   607 | D        | Found a stormy altar of Qazlal.
   608 | D        | Found a basalt altar of Yredelemnul.
   608 | D        | Found a deep blue altar of Sif Muna.
   608 | D        | Found a viscous altar of Jiyva.
   609 | D        | Found a bloodstained altar of Trog.
   609 | D        | Found an ancient bone altar of Kikubaaqudgha.
   610 | D        | Found a glowing silver altar of Zin.
   610 | D        | Found a hazy altar of Hepliaklqana.
   610 | D        | Found a snail-covered altar of Cheibriados.
   611 | D        | Found a hide-covered altar of Uskayaw.
   611 | D        | Found a corrupted altar of Lugonu.
   611 | D        | Found a shadowy altar of Dithmenos.
   612 | D        | Found a radiant altar of Vehumet.
   612 | D        | Found a burning altar of Makhleb.
   612 | D        | Found a white marble altar of Elyvilon.
   613 | D        | Found a sparkling altar of Nemelex Xobeh.
   613 | D        | Found a blossoming altar of Fedhas.
   614 | D        | Found an iron altar of Okawaru.
   614 | D        | Found an opulent altar of Gozag.
   639 | D        | Noticed a kraken
   649 | D        | Reached **** piety under Trog
   657 | D        | Reached skill level 5 in Dodging
   921 | D        | Found a roughly hewn altar of Beogh.
   930 | D        | Noticed a deep troll
   931 | D        | Noticed a deep troll
   932 | D        | Killed a deep troll
   932 | D        | Reached skill level 14 in Long Blades
   934 | D        | Killed a deep troll
   934 | D        | Reached XP level 9. HP: 84/87 MP: 9/9
   941 | D        | Noticed a sphinx
   942 | D        | Noticed a sphinx
   943 | D        | Killed a sphinx
   943 | D        | Reached skill level 15 in Fighting
   943 | D        | Reached skill level 15 in Long Blades
   945 | D        | Killed a sphinx
   945 | D        | Reached ***** piety under Trog
   945 | D        | Received a gift from Trog
   945 | D        | Reached skill level 16 in Long Blades
   945 | D        | Reached XP level 10. HP: 97/97 MP: 10/10
  1006 | D        | Noticed a death drake
  1008 | D        | Noticed a crystal guardian
  1078 | D        | Bought a +0 shield for 58 gold pieces
  1111 | D        | Noticed a centaur warrior
  1111 | D        | Noticed Kirke
  1111 | D        | Noticed a skeletal warrior
  1111 | D        | Noticed a kobold demonologist
  1137 | D        | Killed a centaur warrior
  1143 | D        | Killed a skeletal warrior
  1143 | D        | Reached skill level 17 in Long Blades
  1146 | D        | Killed Kirke
  1146 | D        | Reached skill level 10 in Armour
  1146 | D        | Reached skill level 1 in Shields
  1149 | D        | Killed a kobold demonologist
  1149 | D        | Received a gift from Trog
  1149 | D        | Reached skill level 18 in Long Blades
  1158 | D        | Killed a shining eye
  1168 | D        | Noticed an elephant
  1170 | D        | Noticed a yaktaur captain
  1175 | D        | Killed an elephant
  1188 | D        | Killed a yaktaur captain
  1188 | D        | Reached XP level 11. HP: 26/107 MP: 11/11
  1198 | D        | Noticed a shining eye
  1199 | D        | Gained mutation: You are weak. (Str -2) [a shining eye]
  1200 | D        | Gained mutation: Potions are less effective at restoring your health. [a shining eye]
  1205 | D        | Gained mutation: You have a pair of small horns on your head. [a shining eye]
  1210 | D        | Killed a shining eye
  1576 | D        | Noticed a shining eye
  1578 | D        | Gained mutation: You are clumsy. (Dex -2) [a shining eye]
  1581 | D        | Gained mutation: Armour fits poorly on your strangely shaped body. [a shining eye]
  1583 | D        | Lost mutation: You are clumsy. (Dex -2) [a shining eye]
  1584 | D        | Killed a shining eye
  1584 | D        | Reached skill level 1 in Stealth
  1614 | D        | Noticed a great orb of eyes
  1618 | D        | Killed a great orb of eyes
  1618 | D        | Reached skill level 10 in Unarmed Combat
  1623 | D        | Noticed a fire dragon
  1639 | D        | Killed a fire dragon
  1639 | D        | Reached skill level 19 in Long Blades
  1646 | D        | Received a gift from Trog
  1680 | D        | Found Xajeyjosy's Jewellery Emporium.
  1680 | D        | Found Vunemaqe's Antique Armour Shop.
  1680 | D        | Found Ubli's Armour Shop.
  1680 | D        | Found Wuvoosk's Food Shoppe.
  1680 | D        | Found Korchag's Armour Boutique.
  1681 | D        | Found Dicuq's Weapon Shoppe.
  1681 | D        | Found Isukhlie's Armour Boutique.
  1681 | D        | Found Uxustiq's Jewellery Emporium.
  1681 | D        | Found Ufootaov's Distillery.
  1681 | D        | Found Ethinui's Armour Emporium.
  1681 | D        | Found Jaddenn's Antique Armour Shop.
  1681 | D        | Found Gehoiluw's Food Shoppe.
  1768 | D        | Noticed a golden dragon
  1785 | D        | Killed a golden dragon
  1934 | D        | Found Ohuariq's General Store.
  1934 | D        | Found Pimes's Antique Armour Shoppe.
  1934 | D        | Found Laong's Food Emporium.
  1934 | D        | Found Faylu's Jewellery Boutique.
  1934 | D        | Noticed a storm dragon
  1952 | D        | Killed a storm dragon
  1952 | D        | Reached skill level 5 in Shields
  1952 | D        | Reached XP level 12. HP: 35/117 MP: 12/12
  2236 | D        | Noticed a golden dragon
  2237 | D        | Noticed a bone dragon
  2237 | D        | Noticed a deep elf high priest
  2238 | D        | Noticed a cacodemon
  2239 | D        | Noticed a frost giant
  2240 | D        | Noticed a storm dragon
  2250 | D        | Killed a bone dragon
  2250 | D        | Reached skill level 15 in Armour
  2255 | D        | Killed a golden dragon
  2255 | D        | Reached skill level 20 in Long Blades
  2258 | D        | Killed a storm dragon
  2259 | D        | Killed from afar by a frost giant

Skill      XL: |  1  2  3  4  5  6  7  8  9 10 11 12 |
---------------+-------------------------------------+-----
Fighting       | 5 6 7 11 12 14 15 17 18 19 | 19.0
Long Blades    | 5 6 7 10 11 12 14 16 18 19 20 | 20.1
Armour         | 3 6 7 8 9 11 14 16 | 16.1
Dodging        | 3 4 5 6 7 8 |  8.1
Unarmed Combat | 1 4 5 7 8 9 11 12 | 12.0
Shields        | 1 5 6 |  6.8
Stealth        | 1 2 |  2.3

Action                   |  1- 3 |  4- 6 |  7- 9 | 10-12 || total
-------------------------+-------+-------+-------+-------++-------
Melee: Falchion          |     8 |    13 |     4 |       ||    25
       Long sword        |       |       |    23 |   132 ||   155
       Headbutt          |       |       |       |    31 ||    31
Invok: Berserk           |     1 |     2 |     3 |     5 ||    11
       Trog's Hand       |       |       |     4 |     8 ||    12
       Brothers in Arms  |       |       |     1 |     4 ||     5
 Abil: Hop               |       |       |     2 |     2 ||     4
  Use: Scroll            |       |       |     2 |     1 ||     3
       Potion            |       |       |       |     9 ||     9
  Eat: Chunk             |       |       |     2 |     4 ||     6
       Ration            |       |       |     2 |     2 ||     4
Armor: Animal skin       |       |     1 |       |       ||     1
       Plate armour      |       |       |     4 |    42 ||    46
       Fire dragon scale |       |       |       |    24 ||    24
Dodge: Dodged            |     1 |     2 |    13 |    41 ||    57
Block: Shield            |       |       |       |    45 ||    45
       Rpst.: Falchion   |     1 |     1 |       |       ||     2
       Long sword        |       |       |     3 |     7 ||    10
